 Dungeon Sprint DCSS version 0.21.0-3-g78d12a8bdd (webtiles) character file.

16268 Quolop the Fencer (level 12, -1/126 HPs)
             Began as a Minotaur Fighter on Jan 12, 2018.
             Was the Champion of Okawaru.
             Killed from afar by an ice dragon (29 damage)
             ... with a blast of cold
             ... in the Dungeon (Sprint IX: "|||||||||||||||||||||||||||||").
             The game lasted 00:08:23 (2730 turns).

Quolop the Fencer (Minotaur Fighter)                Turns: 2730, Time: 00:08:23

Health: -1/126     AC: 24    Str: 27    XL:     12   Next: 8%
Magic:  14/14      EV: 15    Int:  5    God:    Okawaru [******]
Gold:   728        SH: 14    Dex:  9    Spells: 11/11 levels left

rFire    . . .     SeeInvis .   A - +5 double sword (slice)
rCold    . . .     Gourm    .   c - +0 shield
rNeg     . . .     Faith    .   b - +2 plate armour
rPois    +         Spirit   .   N - +1 hat {MR+}
rElec    .         Reflect  .   y - +0 cloak
rCorr    .         Harm     .   B - +0 pair of gloves
MR       +....     NoTele   +   C - +0 pair of boots
Stlth    ..........             H - amulet of regeneration
HPRegen  0.71/turn              G - ring of poison resistance
MPRegen  0.14/turn              I - +4 ring of evasion

@: no status effects
A: retaliatory headbutt, horns 2
a: Heroism, Finesse, Renounce Religion


You were in the Dungeon.
You worshipped Okawaru.
Okawaru was exalted by your worship.
You were not hungry.

You visited 1 branch You collected 1911 gold pieces.
You spent 1183 gold pieces at shops.

Inventory:

Hand Weapons
 a - a +0 long sword
 p - a +2 scimitar of holy wrath
 x - the +1 arbalest "Jellyslayer" {penet, Stlth+}
   (You found it in the Dungeon)

   Ammo fired by it will pass through the targets it hits, potentially hitting
   all targets in its path until it reaches maximum range.
   It makes you more stealthy.
 A - a +5 double sword of slicing (weapon)
Missiles
 f - 4 javelins of returning
 D - 6 poisoned javelins (quivered)
Armour
 b - a +2 plate armour (worn)
 c - a +0 shield (worn)
 q - a +1 scale mail
 u - the +3 hat of Pondering {ponderous, MR+ MP+10 Int+5}
   (You took it off Gastronok in the Dungeon)

   It affects your intelligence (+5).
   It affects your resistance to hostile enchantments.
   It affects your magic capacity (+10).
 y - a +0 cloak (worn)
 B - a +0 pair of gloves (worn)
 C - a +0 pair of boots (worn)
 N - a +1 hat of magic resistance (worn)
Jewellery
 G - a ring of poison resistance (left hand)
 H - an amulet of regeneration (around neck)
 I - a +4 ring of evasion (right hand)
Wands
 o - a wand of acid (1)
 w - a wand of flame (24)
 J - a wand of scattershot (4)
Scrolls
 k - 4 scrolls of blinking
 m - 9 scrolls of remove curse
 n - 2 scrolls of amnesia
 r - a scroll of fog
 E - 4 scrolls of fear
 F - 2 scrolls of identify {unknown}
Potions
 d - 3 potions of might
 e - 8 potions of curing
 g - 11 potions of heal wounds
 h - a potion of haste
 i - 4 potions of magic
 j - 2 potions of berserk rage
 l - a potion of invisibility
 t - a potion of brilliance
 v - 2 potions of resistance
Comestibles
 z - 11 rations


   Skills:
 + Level 17.6 Fighting
 + Level 18.4 Long Blades
 + Level 6.1 Throwing
 + Level 14.8 Armour
 + Level 7.6 Dodging
 + Level 2.2 Stealth
 + Level 16.3 Shields
 + Level 2.1 Invocations
 + Level 4.2 Evocations


You had 11 spell levels left.
You didn't know any spells.

Dungeon Overview and Level Annotations

Branches:
Dungeon (1/1)

Altars:
Cheibriados
Dithmenos
Elyvilon
Fedhas
Gozag
Hepliaklqana
Kikubaaqudgha
Makhleb
Nemelex Xobeh
Okawaru
Qazlal
Ru
Sif Muna
Trog
Uskayaw
Vehumet
Wu Jian
Xom
Yredelemnul
Zin
The Shining One
Beogh
Jiyva
Lugonu

Shops:
D *!(=


Innate Abilities, Weirdness & Mutations

You reflexively headbutt those who attack you in melee.
You have a pair of horns on your head.


Message History

You slice the ice dragon!!
The ice dragon is heavily wounded.
The ice dragon breathes frost at you. The blast of cold hits you!
* * * LOW HITPOINT WARNING * * *
You barely miss the ice dragon.
The ice dragon is heavily wounded.
The ice dragon bites you.
* * * LOW HITPOINT WARNING * * *
You block the ice dragon's attack. The ice dragon barely misses you.
You slash the ice dragon!
The ice dragon is heavily wounded.
You block the ice dragon's attack. The ice dragon barely misses you.
The ice dragon tramples you but does no damage.
You slash the ice dragon!
The ice dragon is severely wounded.
You feel much better. The ice dragon breathes frost at you.
The blast of cold hits you!
You die...

▓.▓.▓)▓.▓)▓.▓
▓.▓.▓.▓.▓∩▓.▓C▓
▓†▓.▓.▓.▓)▓.▓D▓
▓.▓.▓.▓.▓∩▓.▓D▓
▓.▓.▓.▓.▓.▓.▓D▓
▓.▓.▓.▓.▓∩▓.▓p▓
▓[▓.▓.▓.▓.▓.▓y▓
▓[▓.▓.▓.▓∩▓.▓D▓
▓)▓.▓.▓.▓.▓.▓@▓
▓|▓.▓.▓.▓.▓.▓)▓
▓.▓.▓.▓.▓)▓.▓[▓
▓.▓.▓.▓.▓.▓.▓(▓
▓'▓.▓†▓.▓)▓.▓.▓
▓_▓.▓.▓.▓)▓.▓.▓
▓_▓.▓÷▓.▓.▓.▓.▓
▓_▓.▓.▓.▓.▓.▓.▓
▓_▓.▓.▓.▓.▓.▓.▓


You could see 3 fire dragons, an ice dragon, a stone giant, a hell knight and a
vampire mosquito.

Vanquished Creatures
  Gastronok (D)
  A stone giant (D)
  2 hydras (D)
  Erica (D)
  A two-headed ogre (D)
  A tengu warrior (D)
  An orc high priest (D)
  An unseen horror (D)
  5 orc sorcerers (D)
  Joseph (D)
  A black mamba (D)
  A spiny frog (D)
  A komodo dragon (D)
  2 meliai (D)
  A troll (D)
  A tyrant leech (D)
  5 blink frogs (D)
  A slime creature (D)
  3 hippogriffs (D)
  A wyvern (D)
  A basilisk (D)
  A hungry ghost (D)
  2 vampire mosquitoes (D)
  3 porcupines (D)
  14 orc warriors (D)
  2 water moccasins (D)
  A centaur (D)
  3 crocodiles (D)
  3 bullfrogs (D)
  A scorpion (D)
  A howler monkey (D)
  A crimson imp (D)
  4 orc priests (D)
  A jelly (D)
  10 orc wizards (D)
  A worker ant (D)
  A shadow imp (D)
  A dart slug (D)
  2 leopard geckos (D)
  3 orcs (D)
  A bat skeleton (D)
  2 bat zombies (D)
  A goblin (D)
  A ball python skeleton (D)
  2 kobolds (D)
  A rat (D)
96 creatures vanquished.

Notes
Turn   | Place    | Note
-------+----------+-------------------------------------------
     0 | D        | Quolop the Minotaur Fighter began the quest for the Orb.
     0 | D        | Reached XP level 1. HP: 19/19 MP: 0/0
    24 | D        | Noticed a crimson imp
    24 | D        | Noticed a jelly
    24 | D        | Noticed a worker ant
    31 | D        | Killed a worker ant
    31 | D        | Reached skill level 5 in Fighting
    31 | D        | Reached skill level 3 in Long Blades
    31 | D        | Reached skill level 5 in Armour
    31 | D        | Reached skill level 5 in Shields
    31 | D        | Reached XP level 2. HP: 15/29 MP: 1/1
    31 | D        | Reached XP level 3. HP: 18/36 MP: 2/2
    32 | D        | Reached skill level 4 in Long Blades
    38 | D        | Reached skill level 5 in Long Blades
    38 | D        | Reached XP level 4. HP: 22/45 MP: 3/3
    44 | D        | Found a roughly hewn altar of Beogh.
    44 | D        | Found a snail-covered altar of Cheibriados.
    44 | D        | Found a shadowy altar of Dithmenos.
    44 | D        | Found a white marble altar of Elyvilon.
    44 | D        | Found a blossoming altar of Fedhas.
    44 | D        | Found an opulent altar of Gozag.
    45 | D        | Found a hazy altar of Hepliaklqana.
    46 | D        | Found a viscous altar of Jiyva.
    47 | D        | Found an ancient bone altar of Kikubaaqudgha.
    48 | D        | Found a corrupted altar of Lugonu.
    49 | D        | Found a burning altar of Makhleb.
    50 | D        | Found a sparkling altar of Nemelex Xobeh.
    51 | D        | Found an iron altar of Okawaru.
    52 | D        | Found a stormy altar of Qazlal.
    53 | D        | Found a sacrificial altar of Ru.
    54 | D        | Found a deep blue altar of Sif Muna.
    55 | D        | Found a bloodstained altar of Trog.
    56 | D        | Found a hide-covered altar of Uskayaw.
    57 | D        | Found a radiant altar of Vehumet.
    58 | D        | Found an ornate altar of the Wu Jian Council.
    59 | D        | Became a worshipper of Warmaster Okawaru
   190 | D        | Found a shimmering altar of Xom.
   191 | D        | Found a basalt altar of Yredelemnul.
   192 | D        | Found a glowing silver altar of Zin.
   193 | D        | Found a glowing golden altar of the Shining One.
   232 | D        | Noticed a hippogriff
   241 | D        | Killed an unseen horror
   241 | D        | Reached * piety under Okawaru
   241 | D        | Reached ** piety under Okawaru
   241 | D        | Reached *** piety under Okawaru
   241 | D        | Reached **** piety under Okawaru
   241 | D        | Reached skill level 10 in Fighting
   241 | D        | Reached skill level 10 in Long Blades
   241 | D        | Reached XP level 5. HP: 42/59 MP: 4/4
   241 | D        | Reached XP level 6. HP: 48/67 MP: 5/5
   241 | D        | Reached XP level 7. HP: 52/73 MP: 6/6
   251 | D        | Killed a hippogriff
   251 | D        | Reached skill level 11 in Long Blades
   251 | D        | Reached skill level 10 in Armour
   251 | D        | Reached skill level 10 in Shields
   414 | D        | Noticed a hippogriff
   414 | D        | Noticed a hungry ghost
   414 | D        | Noticed a two-headed ogre
   418 | D        | Killed a two-headed ogre
   418 | D        | Reached skill level 12 in Long Blades
   418 | D        | Reached skill level 1 in Dodging
   418 | D        | Reached XP level 8. HP: 59/83 MP: 4/7
   422 | D        | Received a gift from Okawaru
   422 | D        | Reached skill level 13 in Long Blades
   422 | D        | Reached skill level 1 in Invocations
   437 | D        | Killed a hippogriff
   732 | D        | Got the +1 arbalest "Jellyslayer" {penet, Stlth+}
   745 | D        | Noticed a black mamba
   745 | D        | Noticed a four-headed hydra
   745 | D        | Noticed a hippogriff
   745 | D        | Noticed a komodo dragon
   751 | D        | Killed a komodo dragon
   751 | D        | Reached skill level 14 in Long Blades
   751 | D        | Reached XP level 9. HP: 92/92 MP: 8/8
   758 | D        | Killed a six-headed hydra
   758 | D        | Reached ***** piety under Okawaru
   758 | D        | Reached skill level 15 in Long Blades
   758 | D        | Reached skill level 1 in Evocations
   758 | D        | Killed a black mamba
   758 | D        | Reached skill level 1 in Stealth
  1027 | D        | Noticed a seven-headed hydra
  1030 | D        | Reached XP level 10. HP: 102/102 MP: 10/10
  1042 | D        | Killed a seven-headed hydra
  1042 | D        | Reached skill level 16 in Long Blades
  1042 | D        | Reached skill level 1 in Throwing
  1042 | D        | Received a gift from Okawaru
  1354 | D        | Noticed a spiny frog
  1372 | D        | Killed a spiny frog
  1387 | D        | Reached skill level 5 in Dodging
  1684 | D        | Noticed a stone giant
  1698 | D        | Killed a stone giant
  1698 | D        | Received a gift from Okawaru
  1698 | D        | Reached skill level 15 in Fighting
  1698 | D        | Reached XP level 11. HP: 48/112 MP: 12/12
  1961 | D        | Noticed an orc high priest
  1975 | D        | Reached skill level 15 in Shields
  1977 | D        | Reached ****** piety under Okawaru
  1977 | D        | Received a gift from Okawaru
  1984 | D        | Noticed a sun demon
  1993 | D        | Killed an orc high priest
  2272 | D        | Found Hocsunli's Jewellery Boutique.
  2272 | D        | Noticed an orc sorcerer
  2272 | D        | Noticed an orc sorcerer
  2277 | D        | Noticed an orc sorcerer
  2277 | D        | Killed an orc sorcerer
  2277 | D        | Reached skill level 17 in Long Blades
  2286 | D        | Killed an orc sorcerer
  2292 | D        | Killed an orc sorcerer
  2293 | D        | Found Umpaep's Weapon Shop.
  2374 | D        | Found Heloguph's Distillery.
  2380 | D        | Found Wathaig's Assorted Antiques.
  2382 | D        | Noticed an orc sorcerer
  2383 | D        | Noticed a sun demon
  2389 | D        | Noticed an orc sorcerer
  2391 | D        | Killed an orc sorcerer
  2406 | D        | Killed an orc sorcerer
  2413 | D        | Bought a scroll labeled IRPHIU RELURIPS for 27 gold pieces
  2413 | D        | Bought a scroll labeled MOUSSU WASYI for 27 gold pieces
  2413 | D        | Bought a scroll labeled MOUSSU WASYI for 27 gold pieces
  2416 | D        | Bought a potion of curing for 33 gold pieces
  2416 | D        | Bought 2 potions of heal wounds for 110 gold pieces
  2416 | D        | Bought a potion of heal wounds for 55 gold pieces
  2416 | D        | Bought a potion of might for 44 gold pieces
  2420 | D        | Bought an uncursed ring of poison resistance for 200 gold pieces
  2420 | D        | Bought an uncursed amulet of regeneration for 300 gold pieces
  2420 | D        | Bought a +4 ring of evasion for 360 gold pieces
  2465 | D        | Noticed Joseph
  2473 | D        | Killed Joseph
  2495 | D        | Noticed Gastronok
  2506 | D        | Killed Gastronok
  2506 | D        | Reached skill level 18 in Long Blades
  2570 | D        | Noticed Erica
  2576 | D        | Killed Erica
  2576 | D        | Reached skill level 5 in Throwing
  2697 | D        | Noticed a tengu warrior
  2707 | D        | Received a gift from Okawaru
  2710 | D        | Noticed an ice dragon
  2714 | D        | Killed a tengu warrior
  2714 | D        | Received a gift from Okawaru
  2714 | D        | Reached XP level 12. HP: 61/125 MP: 12/14
  2723 | D        | Noticed a fire dragon
  2725 | D        | Noticed a fire dragon
  2725 | D        | Noticed a fire dragon
  2726 | D        | Noticed a stone giant
  2727 | D        | HP: 6/126 [ice dragon (4)]
  2730 | D        | Killed from afar by an ice dragon

Skill      XL: |  1  2  3  4  5  6  7  8  9 10 11 12 |
---------------+-------------------------------------+-----
Fighting       | 5 6 10 12 13 15 17 | 17.6
Armour         | 5 6 9 10 11 13 14 | 14.8
Shields        | 5 6 9 10 11 12 14 16 | 16.3
Long Blades    | 3 5 10 12 14 15 16 18 | 18.4
Dodging        | 1 3 6 7 |  7.6
Invocations    | 1 2 |  2.1
Evocations     | 1 3 4 |  4.2
Stealth        | 1 2 |  2.2
Throwing       | 3 5 6 |  6.1

Action                   |  1- 3 |  4- 6 |  7- 9 | 10-12 || total
-------------------------+-------+-------+-------+-------++-------
Melee: Long sword        |    27 |       |       |       ||    27
       Headbutt          |     4 |     1 |    12 |    44 ||    61
       Scimitar          |       |     9 |    45 |     8 ||    62
       Double sword      |       |       |       |   180 ||   180
Throw: Javelin           |       |       |       |    26 ||    26
Invok: Heroism           |       |       |     2 |     1 ||     3
Evoke: Wand              |       |       |     5 |     4 ||     9
  Use: Scroll            |       |       |       |     4 ||     4
       Potion            |       |       |       |     1 ||     1
  Eat: Chunk             |       |       |     1 |     2 ||     3
       Ration            |       |       |       |     2 ||     2
Armor: Scale mail        |     6 |     6 |    14 |    26 ||    52
       Plate armour      |       |       |       |     8 ||     8
Dodge: Dodged            |     5 |       |    23 |    69 ||    97
Block: Shield            |    12 |     2 |    31 |    92 ||   137
       Rpst.: Long sword |     1 |       |       |       ||     1
       Scimitar          |       |       |     4 |     2 ||     6
       Double sword      |       |       |       |     8 ||     8
